[Event "Late-Titled-Tuesday-Blitz-May-28-2024"]
[Site "Chess.com"]
[Date "2024.05.28"]
[Round "3"]
[White "andrew-blr"]
[Black "Josetricks"]
[Result "0-1"]
[WhiteElo "2619"]
[BlackElo "2476"]
[TimeControl "180+1"]
[EndTime "14:28:04 PDT"]
[Termination "Josetricks won on time"]

1. d4 Nf6 2. c4 e5 3. dxe5 Ng4 4. Bf4 Nc6 5. Nf3 Bb4+ 6. Nbd2 Qe7 7. a3 Bxd2+ 8. Qxd2 Ngxe5 9. Nxe5 Nxe5 10. e3 d6 11.
Be2 O-O 12. O-O a5 13. b4 axb4 14. axb4 Bg4 15. f3 Be6 16. Qc3 Qf6 17. Rac1 h6 18. c5 Ra2 19. Rf2 Rfa8 20. Qd4 Ra1 21. Rff1 R1a2 22. Rf2 Ra1 23. Rxa1 Rxa1+ 24. Rf1 Ra2 25. cxd6 cxd6 26. Qxd6 Ng6 27. Bd3 Qb2 28. Qd8+ Kh7 29. Bxg6+ fxg6 0-1

[Event "Late-Titled-Tuesday-Blitz-May-28-2024"]
[Site "Chess.com"]
[Date "2024.05.28"]
[Round "3"]
[White "biostatistician"]
[Black "stollenmonster"]
[Result "0-1"]
[WhiteElo "2575"]
[BlackElo "2858"]
[TimeControl "180+1"]
[EndTime "14:28:06 PDT"]
[Termination "stollenmonster won by resignation"]

1. d4 Nf6 2. Nf3 e6 3. c4 d5 4. Nc3 Ne4 5. e3 f5 6. Nxe4 fxe4 7.
Ne5 g6 8. h4 Nd7 9. Nxd7 Bxd7 10.
h5 Bg7 11. hxg6 hxg6 12. Rxh8+ Bxh8 13. Qg4 Qf6 14. Bd2 O-O-O 15. Qg3 dxc4 16. Bxc4 e5 17.
Bc3 exd4 18. Bxd4 Qc6 19. Be2 Bxd4 20. exd4 Rh8 21. Kd2 Rf8 22. Rc1 Qb6 23. Qe3 Qxb2+ 24. Rc2 Qb4+ 25. Rc3 Bc6 26. Qg3 Qxd4+ 27. Ke1 Rd8 28. Qe3 Qb4 29. Bd1 Rd3 30. Bg4+ Kb8 0-1

[Event "Late-Titled-Tuesday-Blitz-May-28-2024"]
[Site "Chess.com"]
[Date "2024.05.28"]
[Round "3"]
[White "osielchesslover2011"]
[Black "betta2004"]
[Result "1-0"]
[WhiteElo "2263"]
[BlackElo "2561"]
[TimeControl "180+1"]
[EndTime "14:28:06 PDT"]
[Termination "osielchesslover2011 won by resignation"]

1. e4 c6 2. d4 d5 3. Nc3 dxe4 4.
Nxe4 Nf6 5. Ng3 Bg4 6. Be2 Bxe2 7.
N1xe2 e6 8. O-O Bd6 9. Bg5 Nbd7 10. f4 Qc7 11. f5 e5 12. dxe5 Bxe5 13. Nf4 O-O-O 14.
Qf3 Bxb2 15. Rab1 Bd4+ 16. Kh1 Ne5 17. Qa3 Nc4 18. Qb4 Ne3 19. Rfc1 Bb6 20. c4 Bd4 21. Nge2 h6 22. Bxf6 Bxf6 23. Qa3 a6 24. Qxe3 Rhe8 25. Qa7 b5 26. Qxc7+ Kxc7 27. cxb5 axb5 28. Rxb5 Rd2 29. Rbc5 Rdxe2 30. Rxc6+ Kb7 31. Nxe2 Rxe2 32. R6c2 Re5 33. Rb1+ Ka6 34. Rc6+ Ka5 35. Rc8 Ka4 36. Ra8+ Ra5 37. Rxa5+ Kxa5 38. Rb7 Ka4 39. Rxf7 Ka3 40. Ra7+ Kb4 41.
h3 Kc5 42. g4 Kd4 43. Ra4+ Ke3 44. Kg2 Kd2 45. Rc4 Kd3 46. Rc8 1-0

[Event "Late-Titled-Tuesday-Blitz-May-28-2024"]
[Site "Chess.com"]
[Date "2024.05.28"]
[Round "3"]
[White "DanylaBagrov"]
[Black "bubeliang"]
[Result "0-1"]
[WhiteElo "2491"]
[BlackElo "2808"]
[TimeControl "180+1"]
[EndTime "14:28:08 PDT"]
[Termination "bubeliang won by resignation"]

1. e4 c6 2. d4 d5 3. exd5 cxd5 4. Bd3 Nc6 5. c3 Qc7 6. Nf3 Bg4 7. O-O e6 8. Nbd2 Bd6 9. h3 Bh5 10. Re1 Nf6 11.
Nf1 O-O 12. Bg5 Nd7 13. Bh4 Rfe8 14. Bg3 Bg6 15. b4 Nf6 16. Bxd6 Qxd6 17. Ng3 Rac8 18. Ne5 Ne7 19. Rc1 Bxd3 20. Qxd3 Ng6 21. Re3 Rc7 22. Qd2 Rec8 23. Nd3 b6 24. a4 Qd8 25. b5 Ne8 26. Nb4 Ne7 27. Ne2 Nd6 28. Qe1 Nef5 29. Rf3 Qd7 30. g4 Nh4 31. Re3 Nc4 32. Rg3 Qd6 33.
f4 Ng6 34. Qf2 f5 35. Nd3 Qf8 36. Ne5 Nd6 37. gxf5 Qxf5 38. Rg5 Ne4 39. Rxf5 Nxf2 40. Rh5 Nxe5 41. Rxe5 Nd3 42. Re1 Nxe5 43. dxe5 Rxc3 44.
Nd4 Kf7 45. f5 exf5 46. e6+ Kf6 47. e7 Re8 48. Nc6 Rxc6 49. bxc6 Rxe7 50. Rd1 Ke6 0-1

[Event "Late-Titled-Tuesday-Blitz-May-28-2024"]
[Site "Chess.com"]
[Date "2024.05.28"]
[Round "3"]
[White "rasmussvane"]
[Black "VD_coach"]
[Result "1-0"]
[WhiteElo "2940"]
[BlackElo "2524"]
[TimeControl "180+1"]
[EndTime "14:28:08 PDT"]
[Termination "rasmussvane won by resignation"]

1. Nf3 Nf6 2. g3 g6 3. Bg2 Bg7 4. O-O O-O 5. d4 d6 6. Re1 Nbd7 7. e4 e5 8. Nc3 c6 9. a4 a5 10. h3 Re8 11. Be3 Qe7 12. Nd2 exd4 13. Bxd4 Ne5 14.
f4 Nh5 15. Bf2 Nd7 16. Nc4 Bf8 17. Qd2 Rd8 18. Rad1 Nb8 19. g4 Ng7 20. e5 d5 21.
Ne4 Nd7 22. Nb6 dxe4 23. Nxa8 Ne6 24. Qe3 Ndc5 25. Nb6 Rxd1 26. Rxd1 Bh6 27. Nxc8 1-0

[Event "Late-Titled-Tuesday-Blitz-May-28-2024"]
[Site "Chess.com"]
[Date "2024.05.28"]
[Round "3"]
[White "RobertJFischer71"]
[Black "kirillshevchenko"]
[Result "0-1"]
[WhiteElo "2660"]
[BlackElo "2902"]
[TimeControl "180+1"]
[EndTime "14:28:14 PDT"]
[Termination "kirillshevchenko won by checkmate"]

1. e4 b6 2. d4 Bb7 3. Nc3 e6 4. Nf3 Bb4 5. Bd3 Nf6 6. Qe2 c5 7. a3 Bxc3+ 8. bxc3 c4 9. Bxc4 Nxe4 10. Bb2 Qc7 11.
O-O O-O 12. Rfe1 d6 13. Bd3 Nf6 14. h3 Nbd7 15. a4 Rfe8 16. Qd2 e5 17. dxe5 dxe5 18.
Ng5 Nc5 19. c4 h6 20. Nf3 Bxf3 21. gxf3 Rad8 22. Qe2 Nh5 23. Qe3 Qd7 24. Bf1 Qf5 25. Rac1 Nf4 26. Kh2 f6 27. a5 Na4 28. Ba3 Kh8 29. Qb3 Rd2 30. Qxa4 Rxf2+ 31. Kg1 Rxf1+ 32. Rxf1 Qg5+ 33. Kf2 Qg2+ 34. Ke3 Qe2# 0-1

[Event "Late-Titled-Tuesday-Blitz-May-28-2024"]
[Site "Chess.com"]
[Date "2024.05.28"]
[Round "3"]
[White "maurovargas01"]
[Black "ImportedItalianMaple"]
[Result "0-1"]
[WhiteElo "1919"]
[BlackElo "2532"]
[TimeControl "180+1"]
[EndTime "14:28:14 PDT"]
[Termination "ImportedItalianMaple won on time"]

1. e4 c5 2. Nc3 a6 3. f4 b5 4.
Nf3 Bb7 5. Nd5 e6 6. Ne3 Bxe4 7. g3 d5 8. d3 Bxf3 9. Qxf3 Nc6 10. Bg2 Bd6 11. O-O Nge7 12. f5 Nd4 13. Qf2 Nexf5 14.
Nxf5 Nxf5 15. g4 Qc7 16. gxf5 Bxh2+ 17. Kh1 O-O-O 18. Bf4 Bxf4 19. Qxf4 Qxf4 20. Rxf4 e5 21. Rg4 g6 22. fxg6 hxg6+ 23. Kg1 Rd6 24. Re1 f5 25.
Rg5 Re8 26. c3 Kc7 27. d4 cxd4 28. cxd4 e4 29. Rc1+ Kb6 30. Bh3 Ree6 31. Kf1 Rc6 32. Rxc6+ Rxc6 33. b4 a5 34. bxa5+ Kxa5 35. Bxf5 gxf5 36.
Rxf5 Rd6 37. Re5 Kb4 38. Ke2 Kc4 39. Ke3 Ra6 40. Re7 Ra3+ 41. Kf4 Kxd4 42. Rb7 Rxa2 43. Rxb5 Rf2+ 44. Kg3 Rf8 45. Rb7 e3 46. Re7 Kd3 0-1

[Event "Late-Titled-Tuesday-Blitz-May-28-2024"]
[Site "Chess.com"]
[Date "2024.05.28"]
[Round "3"]
[White "Slovineanu"]
[Black "Iuckyducky"]
[Result "1-0"]
[WhiteElo "2539"]
[BlackElo "2258"]
[TimeControl "180+1"]
[EndTime "14:28:15 PDT"]
[Termination "Slovineanu won on time"]

1. d4 Nf6 2. Nf3 e6 3. c4 b6 4. e3 Bb7 5. Bd3 Ne4 6. O-O d6 7. b3 Nd7 8. Bb2 f5 9. Nc3 Ndf6 10. Rc1 Be7 11. Nd2 O-O 12. f3 Nxc3 13. Bxc3 a5 14. Qe2 Qe8 15. e4 Nh5 16. g3 Qg6 17. Qg2 Bf6 18. exf5 exf5 19. d5 Bxc3 20. Rxc3 Qf6 21.
Nb1 Rfe8 22. Qf2 Re7 23. Rc2 Rae8 24. Re2 Bc8 25. f4 g6 26. Rfe1 Qg7 27. Nd2 Nf6 28. h3 Bd7 29. Qd4 c6 30. dxc6 Bxc6 31. Qxd6 Rxe2 32. Rxe2 Rxe2 33. Bxe2 Be8 34. Bf3 Qd7 35.
Qxf6 1-0

[Event "Late-Titled-Tuesday-Blitz-May-28-2024"]
[Site "Chess.com"]
[Date "2024.05.28"]
[Round "3"]
[White "attack2mateU"]
[Black "Charodej1"]
[Result "0-1"]
[WhiteElo "2685"]
[BlackElo "2461"]
[TimeControl "180+1"]
[EndTime "14:28:16 PDT"]
[Termination "Charodej1 won by resignation"]

1. e4 c6 2. Nc3 d5 3. Nf3 dxe4 4. Nxe4 Nd7 5. Bc4 e6 6. Qe2 Ngf6 7. Neg5 Nd5 8. d4 Be7 9. h4 h6 10. Ne4 Qc7 11.
c3 b6 12. Ng3 Bb7 13. Nh5 g6 14.
Bxd5 cxd5 15. Bf4 Qc4 16. Ng3 Qxe2+ 17. Nxe2 Rc8 18. a4 Kf8 19. a5 b5 20. a6 Ba8 21.
Ne5 Nxe5 22. Bxe5 f6 23. Bf4 b4 24. Rh3 Kf7 25. cxb4 Bxb4+ 26. Bd2 Bd6 27. Rc3 Bc6 28.
Rac1 Bd7 29. Kd1 Ba4+ 30. b3 Bd7 31. Bf4 e5 32. Bg3 Bb5 33. Kd2 Bb4 34. dxe5 Bxe2 35. Kxe2 Rxc3 0-1

[Event "Late-Titled-Tuesday-Blitz-May-28-2024"]
[Site "Chess.com"]
[Date "2024.05.28"]
[Round "3"]
[White "Robert_Oros"]
[Black "VirtualCoach"]
[Result "1-0"]
[WhiteElo "2440"]
[BlackElo "2192"]
[TimeControl "180+1"]
[EndTime "14:28:16 PDT"]
[Termination "Robert_Oros won on time"]

1. e4 c5 2. a3 e6 3. b4 cxb4 4.
axb4 Bxb4 5. Bb2 Nf6 6. e5 Nd5 7. c4 Ne7 8. Qg4 Ng6 9. Nf3 Nc6 10. h4 h5 11. Qe4 Be7 12. Nc3 a6 13. d4 Qc7 14.
Nb5 Qb8 15. Nd6+ Bxd6 16. exd6 Qxd6 17. Ba3 Qf4 18. Qxf4 Nxf4 19. Bd6 Ng6 20. Bd3 Nce7 21. O-O b6 22. Be4 Nc6 23. d5 exd5 24. Bxd5 Nge7 25.
Rfe1 Ra7 26. Rxe7+ Nxe7 27. Re1 Kd8 28. Bxe7+ Kc7 29.
c5 b5 30. Bd6+ Kd8 31. Ng5 1-0

[Event "Late-Titled-Tuesday-Blitz-May-28-2024"]
[Site "Chess.com"]
[Date "2024.05.28"]
[Round "3"]
[White "NovakRatko"]
[Black "Maus7"]
[Result "0-1"]
[WhiteElo "2366"]
[BlackElo "2560"]
[TimeControl "180+1"]
[EndTime "14:28:17 PDT"]
[Termination "Maus7 won on time"]

1. d4 Nf6 2. c4 e6 3. Bg5 c5 4. d5 exd5 5. cxd5 d6 6. Nc3 Nbd7 7. e4 Be7 8. Qd2 O-O 9. Nf3 a6 10. a4 Qa5 11. Ra3 Qb4 12. Bd3 c4 13.
Bb1 Nc5 14. h3 Bd7 15. Kf1 b5 16. axb5 axb5 17. Rxa8 Rxa8 18. g4 Qb3 19. e5 dxe5 20.
Nxe5 b4 21. Ne2 Nfe4 22. Bxe4 Nxe4 23. Nxd7 Nxd2+ 24. Bxd2 Ra1+ 25. Be1 Qd1 0-1

[Event "Late-Titled-Tuesday-Blitz-May-28-2024"]
[Site "Chess.com"]
[Date "2024.05.28"]
[Round "3"]
[White "Connectedcloud"]
[Black "jaskol95"]
[Result "0-1"]
[WhiteElo "2223"]
[BlackElo "2538"]
[TimeControl "180+1"]
[EndTime "14:28:18 PDT"]
[Termination "jaskol95 won by resignation"]

1. e4 d5 2. exd5 Nf6 3. d4 Bg4 4. Be2 Bxe2 5. Nxe2 Qxd5 6. O-O e6 7. Nbc3 Qh5 8. Bf4 Bd6 9. Bxd6 cxd6 10. a4 a6 11. Qd3 O-O 12. Ne4 Nxe4 13. Qxe4 d5 14. Qe3 Nc6 15. c3 Na5 16. Qd3 Rac8 17. Rfe1 Nc4 18. b3 Nd6 19. Ng3 Qg6 20. Qd2 Rc6 21.
Rac1 Rfc8 22. h4 Qg4 23. h5 h6 24. Re3 Qg5 25. Rce1 Rb6 26. Qd1 Qe7 27. Qg4 Rxb3 28. Ne2 Qg5 29. Qxg5 hxg5 30. Re5 Nf5 31. g4 Nh4 32.
Nc1 Rbxc3 0-1

[Event "Late-Titled-Tuesday-Blitz-May-28-2024"]
[Site "Chess.com"]
[Date "2024.05.28"]
[Round "3"]
[White "Meri-Arabidze"]
[Black "wonderfultime"]
[Result "0-1"]
[WhiteElo "2696"]
[BlackElo "3007"]
[TimeControl "180+1"]
[EndTime "14:28:19 PDT"]
[Termination "wonderfultime won by resignation"]

1. d4 d5 2. c4 c6 3. Nf3 Nf6 4. g3 g6 5. Bg2 Bg7 6. O-O O-O 7. a4 a5 8. cxd5 Nxd5 9. Nc3 Na6 10. e4 Ndb4 11.
Be3 Bg4 12. h3 Bxf3 13. Bxf3 Nc7 14. Qd2 e6 15. Rfd1 f5 16. Bg2 Kh8 17. Bh6 Bxh6 18. Qxh6 Qf6 19. Rd2 Rad8 20. Rad1 f4 21. e5 Qg7 22.
Qxg7+ Kxg7 23. Ne4 f3 24. Bf1 b6 25. Bc4 h6 26. h4 Rd7 27. Bb3 Ncd5 28. Bxd5 cxd5 29.
Nd6 Rc7 30. Nb5 Rc6 31. Kh2 g5 32. Kh3 Kg6 33. g4 gxh4 34. Kxh4 Rf4 35. Kg3 Kg5 36.
Rh1 Rxg4+ 37. Kxf3 Rc2 38. Rxc2 Nxc2 39. Rxh6 Ne1+ 40.
Ke2 Re4+ 41. Kd2 Kxh6 42. Kc3 Nf3 43. b3 Kg6 0-1

[Event "Late-Titled-Tuesday-Blitz-May-28-2024"]
[Site "Chess.com"]
[Date "2024.05.28"]
[Round "3"]
[White "Nekoo04"]
[Black "ansko1999"]
[Result "0-1"]
[WhiteElo "2425"]
[BlackElo "2585"]
[TimeControl "180+1"]
[EndTime "14:28:19 PDT"]
[Termination "ansko1999 won on time"]

1. d4 d5 2. c4 c5 3. dxc5 d4 4. Nf3 Nc6 5. a3 a5 6. e3 e5 7. exd4 exd4 8. Bd3 Bxc5 9. Nbd2 Nf6 10. O-O O-O 11.
Nb3 b6 12. Bg5 h6 13. Bh4 Bg4 14. Bc2 Ne5 15. Kh1 g5 16. Bg3 Nxc4 17. h3 Bh5 18.
Nbxd4 Nxb2 19. Qd2 Nc4 20. Qd3 Bxf3 21. Qxc4 Qxd4 0-1

[Event "Late-Titled-Tuesday-Blitz-May-28-2024"]
[Site "Chess.com"]
[Date "2024.05.28"]
[Round "3"]
[White "trriinu"]
[Black "dolynachess"]
[Result "0-1"]
[WhiteElo "2225"]
[BlackElo "2517"]
[TimeControl "180+1"]
[EndTime "14:28:19 PDT"]
[Termination "dolynachess won by resignation"]

1. e4 c5 2. Nf3 d6 3. Bb5+ Bd7 4. Bxd7+ Qxd7 5. O-O Nc6 6. c3 Nf6 7. Qe2 e6 8. Rd1 Be7 9. d4 cxd4 10. cxd4 d5 11.
e5 Ne4 12. Ne1 h6 13. f3 Ng5 14. Nc3 O-O 15. f4 Nh7 16. Nf3 f6 17. exf6 Nxf6 18. Ne5 Qc8 19. Be3 Bb4 20. Rac1 Bxc3 21. Rxc3 Ne4 22. Rxc6 bxc6 23. Rc1 Qe8 24. h4 Rc8 25. h5 Rf5 26. g4 Rxe5 27. fxe5 Qe7 28. Qa6 Rf8 29.
Qxc6 Kh7 30. Qc2 Rf3 31. Re1 Qh4 32. Qh2 Qxe1+ 0-1

[Event "Late-Titled-Tuesday-Blitz-May-28-2024"]
[Site "Chess.com"]
[Date "2024.05.28"]
[Round "3"]
[White "bazar-wokzal"]
[Black "dealshark"]
[Result "1-0"]
[WhiteElo "2599"]
[BlackElo "2435"]
[TimeControl "180+1"]
[EndTime "14:28:20 PDT"]
[Termination "bazar-wokzal won on time"]

1. e4 c6 2. d4 d5 3. f3 dxe4 4. fxe4 e5 5. Nf3 Bg4 6. c3 Nd7 7. Be3 Bd6 8. Nbd2 Ngf6 9. Bd3 Qc7 10. O-O O-O 11. Kh1 Rae8 12. Qc2 Bh5 13. Nh4 Bg6 14.
Nf5 b5 15. a4 a6 16. axb5 axb5 17. h3 Ra8 18. Rae1 Rfe8 19. Rf3 Bf8 20. Ref1 Rab8 21.
Nh4 b4 22. Nxg6 hxg6 23. g4 bxc3 24. bxc3 Re7 25. Bc4 Nb6 26. Bb3 Qc8 27. Kh2 Rbb7 28. dxe5 Rxe5 29. g5 Nh5 30. Rxf7 Rxf7 31. Rxf7 Kh7 32.
Nf3 Rb5 33. e5 Qe8 34. e6 Bc5 35. Bxc5 Rxc5 36. Qd3 Nd5 37. Bc2 1-0

[Event "Late-Titled-Tuesday-Blitz-May-28-2024"]
[Site "Chess.com"]
[Date "2024.05.28"]
[Round "3"]
[White "djjohnnywoo"]
[Black "Squirlolz"]
[Result "0-1"]
[WhiteElo "2140"]
[BlackElo "2537"]
[TimeControl "180+1"]
[EndTime "14:28:20 PDT"]
[Termination "Squirlolz won by resignation"]

1. b3 a5 2. a4 e5 3. Bb2 f6 4. e3 Bb4 5. Nf3 d5 6. Nc3 Ne7 7. Be2 O-O 8. O-O Be6 9. d4 e4 10. Nd2 f5 11. f4 Kh8 12. Kh1 Rg8 13. g3 g5 14. Rg1 Nd7 15. Nf1 Nf6 16. Na2 Bd6 17.
c4 c6 18. c5 Bc7 19. b4 axb4 20.
Nxb4 Qf8 21. Qe1 Qh6 22. Qf2 Bf7 23. Bc3 Bh5 24. Nc2 Rg7 25. Bxh5 Qxh5 26. fxg5 Rxg5 27. Be1 Rag8 28. Qg2 f4 29. exf4 Bxf4 30. Nce3 Nf5 31. Nxf5 Rxf5 32. Bf2 Bh6 33. Be3 Ng4 34. Re1 Rxf1 35.
Rgxf1 Nxe3 36. Qf2 Nxf1 37. Rxf1 e3 38. Qf6+ Bg7 39.
Qe6 e2 40. Qxe2 Qxe2 0-1

[Event "Late-Titled-Tuesday-Blitz-May-28-2024"]
[Site "Chess.com"]
[Date "2024.05.28"]
[Round "3"]
[White "ChessLebaneseSalah"]
[Black "YellowJacek"]
[Result "1-0"]
[WhiteElo "2554"]
[BlackElo "2361"]
[TimeControl "180+1"]
[EndTime "14:28:21 PDT"]
[Termination "ChessLebaneseSalah won by resignation"]

1. e4 c5 2. Nf3 d6 3. d4 cxd4 4. Nxd4 Nf6 5. Nc3 g6 6. f3 Bg7 7. Be3 O-O 8. Qd2 Nc6 9. O-O-O d5 10. exd5 Nxd5 11. Nxc6 bxc6 12. Bd4 Nxc3 13. Qxc3 Bh6+ 14.
Be3 Bxe3+ 15. Qxe3 Qb6 16. Qc3 Be6 17. b3 Rfd8 18.
Bc4 Bxc4 19. Qxc4 Qf2 20. Qg4 Qe3+ 21. Kb1 Qe2 22. Kc1 Qe3+ 23. Kb1 e6 24. h4 h5 25. Qg3 Rd5 26. c4 Rd2 27. Rxd2 Qxd2 28. Qg5 Qd3+ 29. Kb2 Rd8 30. Rc1 a5 31. Rc3 Qd2+ 32.
Qxd2 Rxd2+ 33. Rc2 Rd4 34. g3 c5 35. Ka3 Rd3 36. Rf2 e5 37. Ka4 f5 38. Kxa5 Kf7 39.
Kb5 Ke6 40. Kxc5 e4 41. fxe4 fxe4 42. b4 e3 43. Re2 Ke5 44. b5 Ke4 45. b6 Rd2 46.
Re1 Rxa2 47. b7 Rb2 48. Kc6 Kf3 49. c5 Kf2 50. Rc1 e2 51. Kc7 Kxg3 52. c6 Kxh4 53.
b8=Q Rxb8 54. Kxb8 g5 55. c7 g4 56. c8=Q 1-0

[Event "Late-Titled-Tuesday-Blitz-May-28-2024"]
[Site "Chess.com"]
[Date "2024.05.28"]
[Round "3"]
[White "northridgehawk"]
[Black "Blackwhite017"]
[Result "1-0"]
[WhiteElo "2351"]
[BlackElo "2041"]
[TimeControl "180+1"]
[EndTime "14:28:21 PDT"]
[Termination "northridgehawk won by checkmate"]

1. e4 c5 2. d3 a6 3. Nd2 b5 4. g3 Bb7 5. Bg2 e6 6. f4 Nf6 7. Ngf3 d5 8. Qe2 Qb6 9. O-O Be7 10. Kh1 Nc6 11. e5 Nd7 12. c3 g6 13.
g4 h5 14. Ng5 Bxg5 15. fxg5 Ndxe5 16. gxh5 Rxh5 17. Nf3 Nxf3 18. Bxf3 Rh7 19. Bxd5 O-O-O 20. Bg2 Rdh8 21. Bf4 Ne7 22. Qe5 Bxg2+ 23. Kxg2 Qb7+ 24. Rf3 Nf5 25. Qxc5+ Kd7 26. Re1 Nh4+ 27. Kg1 Nxf3+ 28. Kf1 Nxe1 29. Qd6+ Kc8 30. Qc5+ Kd8 31. Qd4+ Qd7 32. Qf6+ Ke8 33. Kxe1 Rh4 34. Bg3 Rh3 35. Qe5 Rxg3 36. Qxh8+ Ke7 37. Qf6+ Ke8 38. Qh8+ Ke7 39. hxg3 Qd5 40.
Qf6+ Kd7 41. Qf4 Qxa2 42. Qxf7+ Kd6 43. Qxg6 Qb1+ 44. Ke2 Qxb2+ 45. Ke3 Qxc3 46. Qf6 Qe1+ 47. Kf3 Qf1+ 48. Kg4 Qxd3 49. g6 Qe2+ 50. Kh3 Qh5+ 51. Kg2 Qe2+ 52. Qf2 Qe4+ 53. Qf3 Qxg6 54. Qf4+ Ke7 55.
Qc7+ Kf6 56. Qc3+ Kf7 57. Qa5 Qe4+ 58. Kf2 Qc6 59. Qd2 Ke7 60. Qg5+ Kd6 61. Qf4+ Kc5 62.
g4 Qd5 63. g5 Qf5 64. Qxf5+ exf5 65. g6 b4 66. g7 b3 67. g8=Q Kb4 68. Qf8+ Kb5 69. Ke2 a5 70. Kd2 Ka4 71. Kc3 b2 72. Kxb2 Kb5 73. Kb3 Ka6 74. Qxf5 Kb6 75. Kc4 Kb7 76.
Qf6 Ka7 77. Kb5 Kb7 78. Qe7+ Kb8 79. Kb6 Ka8 80. Qb7# 1-0

[Event "Late-Titled-Tuesday-Blitz-May-28-2024"]
[Site "Chess.com"]
[Date "2024.05.28"]
[Round "3"]
[White "kingofthenil"]
[Black "ManMish2"]
[Result "1-0"]
[WhiteElo "2927"]
[BlackElo "2669"]
[TimeControl "180+1"]
[EndTime "14:28:26 PDT"]
[Termination "kingofthenil won on time"]

1. Nf3 Nf6 2. e3 d5 3. c4 e6 4. a3 c5 5. d4 Nc6 6. dxc5 Bxc5 7. b4 Be7 8. Nc3 O-O 9. Ra2 dxc4 10. Qxd8 Rxd8 11. Bxc4 a6 12. Ke2 b5 13. Bd3 Bb7 14. Rd1 Rac8 15. Bb2 Nd7 16. Ne4 Nb6 17. Ba1 Nc4 18.
Bxc4 Rxd1 19. Kxd1 bxc4 20. Nfd2 Na7 21. Rc2 Nb5 22. Bb2 f5 23. Nc3 Bxg2 24. f3 Bd6 25.
Ke2 g5 26. Kf2 Bh3 27. Ne2 Bxh2 28. a4 Nd6 29. Nd4 Kf7 30. b5 axb5 31. axb5 g4 32.
Ba3 g3+ 33. Ke2 g2 34. Rc1 c3 35. N2b3 c2 36. b6 g1=Q 37. Rxg1 Bxg1 38. Bxd6 f4 39. b7 Rd8 40. Bxf4 e5 41. Bxe5 1-0

[Event "Late-Titled-Tuesday-Blitz-May-28-2024"]
[Site "Chess.com"]
[Date "2024.05.28"]
[Round "3"]
[White "ckgchess"]
[Black "StoreySniper"]
[Result "1-0"]
[WhiteElo "2869"]
[BlackElo "2516"]
[TimeControl "180+1"]
[EndTime "14:28:26 PDT"]
[Termination "ckgchess won on time"]

1. e4 g6 2. d4 Bg7 3. Nc3 c5 4. dxc5 Bxc3+ 5. bxc3 Nf6 6. Bd3 Qa5 7. Ne2 Qxc5 8. Be3 Qc7 9. O-O d6 10. Bh6 Nbd7 11.
Rb1 b6 12. Re1 Bb7 13. Ng3 Qxc3 14. a4 Qc7 15. Kh1 a6 16. f4 Nc5 17. h3 Nfd7 18. Bg7 Rg8 19. Ba1 h5 20. a5 b5 21. Qe2 h4 22. Nf1 g5 23. Qf2 Qxa5 24. fxg5 Ne5 25. Bxe5 dxe5 26. Qxc5 Rxg5 27. Qf2 f5 28. Qxh4 Rg8 29.
Qh5+ Kd7 30. Qxf5+ Kc7 31. Qxe5+ Kb6 32. Ne3 Raf8 33.
Qd4+ Kc7 34. Nd5+ Kb8 35. c4 Bc8 36. cxb5 Bxh3 37. bxa6+ Kc8 38. Rec1+ Kd8 39. Nf6+ 1-0

[Event "Late-Titled-Tuesday-Blitz-May-28-2024"]
[Site "Chess.com"]
[Date "2024.05.28"]
[Round "3"]
[White "Kiborg95"]
[Black "marik_spb"]
[Result "1-0"]
[WhiteElo "2804"]
[BlackElo "2508"]
[TimeControl "180+1"]
[EndTime "14:28:28 PDT"]
[Termination "Kiborg95 won by checkmate"]

1. e4 c6 2. d4 d5 3. e5 Bf5 4. h4 h5 5. c4 e6 6. Nc3 Bb4 7. cxd5 cxd5 8. Bd3 Ne7 9. Bg5 Qb6 10.
Bxe7 Bxc3+ 11. bxc3 Bxd3 12. Qxd3 Kxe7 13. Rb1 Qc7 14.
Ne2 Nc6 15. Rh3 Na5 16. Rg3 Rag8 17. Qf3 b6 18. Nf4 Qc4 19. Nxh5 Qxa2 20. Rd1 Qc2 21.
Rxg7 Qe4+ 22. Qxe4 dxe4 23. Rxg8 Rxg8 24. g3 Rc8 25. Kd2 Nc4+ 26. Ke2 Nb2 27. Ra1 Rxc3 28. Rxa7+ Kf8 29. Ra8+ Ke7 30. Nf6 Rc2+ 31. Kf1 Nd3 32. Re8# 1-0

[Event "Late-Titled-Tuesday-Blitz-May-28-2024"]
[Site "Chess.com"]
[Date "2024.05.28"]
[Round "3"]
[White "Jarming"]
[Black "N_I_Chess"]
[Result "1-0"]
[WhiteElo "2642"]
[BlackElo "2267"]
[TimeControl "180+1"]
[EndTime "14:28:28 PDT"]
[Termination "Jarming won on time"]

1. e4 Nf6 2. e5 Nd5 3. d4 d6 4.
Nf3 g6 5. Bc4 Nb6 6. Bb3 Bg7 7.
Qe2 d5 8. Nbd2 Na6 9. Nf1 O-O 10. Be3 Bg4 11. h3 Bd7 12. h4 h5 13. O-O-O Rc8 14. Kb1 c5 15. dxc5 Nxc5 16. Bxd5 Qc7 17. Ng3 Bg4 18.
Bf4 Nxd5 19. Rxd5 Na4 20. Rhd1 Qb6 21. Rb5 Qc7 22. Rb4 Nb6 23. e6 Qc5 24. exf7+ Rxf7 25. Re4 Nd5 26. Be5 Qb6 27. Bxg7 Rxg7 28. Ka1 1-0

[Event "Late-Titled-Tuesday-Blitz-May-28-2024"]
[Site "Chess.com"]
[Date "2024.05.28"]
[Round "3"]
[White "Genghis_K"]
[Black "Bryanl106"]
[Result "0-1"]
[WhiteElo "2933"]
[BlackElo "2687"]
[TimeControl "180+1"]
[EndTime "14:28:30 PDT"]
[Termination "Bryanl106 won by checkmate"]

1. e4 e5 2. Nf3 Nc6 3. d4 exd4 4.
Nxd4 Bb4+ 5. c3 Bc5 6. Be3 Bb6 7. Nf5 Bxe3 8. Nxe3 d6 9. c4 Be6 10. Nc3 Qg5 11.
Be2 O-O-O 12. O-O Nge7 13. Kh1 f5 14. f4 Qf6 15. exf5 Nxf5 16. Ned5 Qf7 17. Bh5 g6 18. Bf3 Kb8 19. Nb5 Rd7 20. Qd2 a6 21. a4 Kc8 22.
Qf2 Kd8 23. Rfd1 Re8 24. b4 Nxb4 25. Nxb4 axb5 26. Bxb7 Ke7 27. cxb5 Rg8 28. a5 g5 29.
a6 g4 30. Nc6+ Kf8 31. a7 g3 32. a8=Q+ Kg7 33. Qb2+ Kg6 34. Qaa3 Kh6 35. Nd4 Qh5 36. Nxf5+ Bxf5 37. Qf6+ Rg6 38. Qxf5 Qxh2# 0-1

[Event "Late-Titled-Tuesday-Blitz-May-28-2024"]
[Site "Chess.com"]
[Date "2024.05.28"]
[Round "3"]
[White "Eloist"]
[Black "WilsonPalencia21"]
[Result "1-0"]
[WhiteElo "2459"]
[BlackElo "2590"]
[TimeControl "180+1"]
[EndTime "14:28:32 PDT"]
[Termination "Eloist won on time"]

1. e4 c5 2. Nf3 d6 3. Bb5+ Nd7 4. O-O Nf6 5. Re1 a6 6. Bf1 b6 7. d4 cxd4 8. Nxd4 Bb7 9. c4 e6 10. Nc3 Be7 11. b3 Rc8 12. Bb2 O-O 13. Qd2 Qc7 14. Rad1 Qb8 15. f4 Rfe8 16. Qe2 e5 17. fxe5 Nxe5 18.
Nf5 Bf8 19. Qf2 Ba8 20. h3 Ng6 21. Nh6+ gxh6 22. Qxf6 Re6 23. Qf5 Bg7 24. Re2 b5 25. Nd5 bxc4 26. Bxg7 Kxg7 27. Rf2 Ne5 28. Bxc4 Qa7 29.
Nf6 Rxc4 30. Nh5+ Kg8 31. bxc4 Qc5 32. Rb1 Qc7 33. Rfb2 Re8 34. Nf6+ Kg7 35. Nxe8+ 1-0

[Event "Late-Titled-Tuesday-Blitz-May-28-2024"]
[Site "Chess.com"]
[Date "2024.05.28"]
[Round "3"]
[White "lluiss"]
[Black "NajdorfPlayerc5"]
[Result "1-0"]
[WhiteElo "2187"]
[BlackElo "2432"]
[TimeControl "180+1"]
[EndTime "14:28:32 PDT"]
[Termination "lluiss won by checkmate"]

1. e4 c5 2. Nf3 d6 3. d4 cxd4 4. Nxd4 Nf6 5. Nc3 Nc6 6. Bg5 e6 7. Be2 a6 8. O-O Be7 9. Nb3 O-O 10. Be3 b5 11. a3 Bb7 12. f4 Rc8 13. Bf3 Qc7 14.
Qe2 Na5 15. Nxa5 Qxa5 16. Qd2 Rfd8 17. e5 dxe5 18. Nd5 Qxd2 19. Nxe7+ Kf8 20. Bxd2 Rxd2 21. Nxc8 Bxc8 22. fxe5 Nd7 23. Rfd1 Rxc2 24. Rac1 Rc4 25. b3 Rxc1 26. Rxc1 Nb6 27. Rc6 Ke7 28. Rxb6 Kd7 29.
Rc6 Bb7 30. Rc3 Bxf3 31. Rxf3 f6 32. exf6 gxf6 33. Rxf6 Ke7 34. Rf3 e5 35. Kf2 Ke6 36. Ke3 Kd5 37. Rh3 a5 38. Rxh7 a4 39. bxa4 bxa4 40.
Ra7 Kc4 41. Rxa4+ Kb3 42. Ra8 Kc4 43. Rd8 Kb5 44. a4+ Kxa4 45. Rb8 Ka5 46. h4 Ka6 47.
Rb1 Ka7 48. h5 Ka6 49. h6 Ka7 50. h7 Ka6 51. h8=Q Ka7 52. Qb8+ Ka6 53. Qb6# 1-0